 Dungeon Crawl Stone Soup version 0.25-a0-279-g53730b6a6f (webtiles) character file.

Game seed: 6283940156773149042, levelgen mode: deterministic

84 MrRokkomies the Sneak (level 4, 0/21 HPs)
             Began as a Spriggan Venom Mage on Dec 10, 2019.
             Slain by a gnoll
             ... wielding a +0 spear
              (9 damage)
             ... on level 2 of the Dungeon.
             The game lasted 00:07:43 (1376 turns).

MrRokkomies the Sneak (Spriggan Venom Mage)         Turns: 1376, Time: 00:07:44

Health: 0/21       AC:  2    Str:  5    XL:     4   Next: 24%
Magic:  1/9        EV: 19    Int: 16    God:
Gold:   88         SH:  0    Dex: 16    Spells: 2/8 levels left

rFire    . . .     SeeInvis +   d - +0 dagger
rCold    . . .     Gourm    .   (shield restricted)
rNeg     . . .     Faith    .   a - +0 robe
rPois    .         Spirit   .   (helmet restricted)
rElec    .         Reflect  .   (no cloak)
rCorr    .         Harm     .   (gloves unavailable)
MR       .....                  (boots unavailable)
Stlth    +++.......             (no amulet)
HPRegen  0.07/turn              (no ring)
MPRegen  0.11/turn              (no ring)

@: very quick
A: very small, unfitting armour, see invisible, herbivore, speed 3, slow
metabolism 2
a: no special abilities


You were on level 2 of the Dungeon.
You were not hungry.

You visited 1 branch of the dungeon, and saw 2 of its levels.

You collected 88 gold pieces.

Inventory:

Hand Weapons
 d - a +0 dagger (weapon)
Missiles
 b - 10 sling bullets
Armour
 a - a +0 robe (worn)
Scrolls
 f - a scroll of enchant armour {unknown}
 i - a scroll of remove curse
Potions
 e - a potion of might {unknown}
 g - a potion of ambrosia {unknown}
 h - a potion of lignification {unknown}
Comestibles
 c - 3 rations


   Skills:
 + Level 3.8 Dodging
 + Level 3.9 Stealth
 - Level 2.6 Spellcasting
 * Level 3.4 Transmutations
 * Level 3.7 Poison Magic


You had 2 spell levels left.
You knew the following spells:

 Your Spells              Type           Power        Failure   Level  Hunger
a - Sting                 Tmut/Pois      ##..         4%          1    #......
b - Poisonous Vapours     Pois/Air       #.....       14%         2    ##.....
c - Mephitic Cloud        Conj/Pois/Air  #.......     34%         3    ###....

Your spell library contained the following spells:

 Spells                   Type           Power        Failure   Level  Hunger
 Ignite Poison            Fire/Tmut/Pois #.......     22%         3    ###....
 Olgreb's Toxic Radiance  Pois           ##......     38%         4    #####..


Dungeon Overview and Level Annotations

Branches:
Dungeon (2/15)

Altars:
Cheibriados


Innate Abilities, Weirdness & Mutations

You are very small and have problems with some larger weapons.
You are too small for most types of armour.
You have supernaturally acute eyesight. (SInv)
You are a herbivore.
You cover ground extremely quickly.
You need to consume almost no food.


Message History

Aim: a gnoll, wielding a +0 club (moderately wounded, poisoned) Poisonous vapours surround the gnoll!
You kill the bat!
The gnoll is engulfed in poison gas.
The gnoll looks even sicker.
You kill the gnoll!
The gnoll shouts!
The quokka completely misses you.
You see here a bat corpse.
The gnoll shouts!
You hit the quokka.
The quokka is lightly wounded.
The quokka misses you.
You hit the quokka but do no damage.
The quokka is lightly wounded.
The gnoll throws a stone.
The stone hits you. The quokka barely misses you.
You hit the quokka but do no damage.
The quokka is lightly wounded.
The quokka misses you.
The gnoll throws a stone.
The stone hits you.
The gnoll hits you from afar with a +0 spear!
You die...

##....g.# #####....#
#.......# ##......#.#
#......÷####.........#
#.........#..........#
##......#.#..........#
##...#..÷...........#
#######....<.......#
.> ###....†.....## ...
##...@......# ....
##...r......####...
#....†.g.g..........
#.......)......#....
#...........#.......
#............#.#....
#.........[..#.#....
##..........†.......
##......#..........


You could see 2 gnolls and a quokka.

Vanquished Creatures
  An adder (D:2)
  A gnoll (D:2)
  2 worms (D:2)
  2 leopard geckos (D:2)
  A ball python (D:1)
  2 giant cockroaches
  A goblin (D:1)
  4 hobgoblins
  12 jackals
  A quokka (D:2)
  7 bats
  4 frilled lizards (D:1)
  9 kobolds
  5 rats (D:1)
52 creatures vanquished.

Notes
Turn   | Place    | Note
-------+----------+-------------------------------------------
     0 | D:1      | MrRokkomies the Spriggan Venom Mage began the quest for the
                  | Orb.
     0 | D:1      | Reached XP level 1. HP: 9/9 MP: 5/5
   173 | D:1      | Reached XP level 2. HP: 13/13 MP: 1/6
   474 | D:1      | Reached XP level 3. HP: 10/16 MP: 0/8
   807 | D:1      | Learned a level 2 spell: Poisonous Vapours
   811 | D:1      | Learned a level 3 spell: Mephitic Cloud
  1133 | D:2      | Found a snail-covered altar of Cheibriados.
  1310 | D:2      | Reached XP level 4. HP: 16/21 MP: 7/9
  1376 | D:2      | Slain by a gnoll

Levels and vault maps discovered:
D:1:      evilmike_arrival_hilbert_curve, layout_loops_ring
D:2:      layout_rooms, lemuel_doored_altar, nicolae_overflow_hidden_temple

Skill      XL: |  1  2  3 |
---------------+----------+-----
Transmutations | 2 3 |  3.4
Dodging        | |  3.8
Stealth        | |  3.9
Spellcasting   | |  2.6
Poison Magic   | |  3.7

Action                   |  1- 3 |  4- 6 || total
-------------------------+-------+-------++-------
Melee: Dagger            |   135 |    14 ||   149
 Cast: Sting             |    43 |     6 ||    49
       Poisonous Vapours |       |     2 ||     2
  Use: Scroll            |     2 |       ||     2
 Stab: Sleeping          |     8 |       ||     8
Armor: Robe              |    11 |     3 ||    14
Dodge: Dodged            |   143 |    28 ||   171

Table legend:
 A = Non-vault XP
 B = Vault XP
 C = Vault XP percentage of total XP
 D = Non-vault monster count
 E = Vault monster count
 F = Vault count percentage of total count
                 A         B        C        D         E       F
            +---------+---------+-------+---------+---------+-------
      Total |     121 |       0 |   0.0 |      52 |       0 |   0.0
            +---------+---------+-------+---------+---------+-------
        D:1 |      50 |       0 |   0.0 |      32 |       0 |   0.0
        D:2 |      71 |       0 |   0.0 |      20 |       0 |   0.0
            +---------+---------+-------+---------+---------+-------
